[Event "Oceania Zonal Open 2023"]
[Site "Melbourne"]
[Date "2023.01.24"]
[Round "2.11"]
[White "Leong, Benjamin"]
[Black "Dragicevic, Domagoj"]
[Result "1/2-1/2"]
[ECO "B51"]
[WhiteElo "1776"]
[BlackElo "2141"]
[Annotator "TA"]
[PlyCount "155"]
[EventDate "2023.01.09"]
[EventType "swiss"]
[EventCountry "AUS"]
[SourceTitle "playchess.com"]
[Source "ChessBase"]
[SourceQuality "1"]
[TimeControl "5400+30"]

1. e4 c5 2. Nf3 d6 3. Bb5+ Nd7 4. c3 Ngf6 5. Qe2 a6 6. Ba4 e6 7. O-O Be7 {[%emt 0:01:21] B51: Sicilian: Moscow Variation (3 Bb5+) without 3...Bd7.} 8. d4 b5 9. Bc2 Bb7 10. Bg5 O-O (10... h6 $5 11. Bxf6 Bxf6 $11) 11. Nbd2 e5 {[%emt 0:14:27] [#]} 12. d5 $146 {[%emt 0:18:01] [#]} (12. a4 $11) ({Predecessor:} 12. Rfd1 Qc7 13. Nf1 h6 14. Bxf6 Bxf6 15. d5 Rfb8 16. Ne3 Bc8 17. c4 Nb6 18. Bd3 bxc4 19. Bxc4 Nxc4 20. Nxc4 {0-1 Kusluvan,Y (2131)-Sorokin,A (2179) Pavlodar op 2013 (8)}) 12... Nxd5 $1 $17 {[%emt 0:03:32][%mdl 576] Discovered Attack} 13. exd5 (13. Bxe7 Nxe7) 13... Bxg5 14. Ne4 (14. Nxg5 $17 Qxg5 15. c4) 14... Be7 $19 15. Ng3 (15. c4 {was necessary.}) 15... g6 (15... Bxd5 16. Qd3 Nf6 17. Nh5 $15) 16. Rad1 Nb6 17. a4 Nxd5 (17... Bxd5 $2 18. Nxe5 dxe5 19. a5 $17) (17... Nxa4 $2 18. Bxa4 bxa4 19. Qc2 $19) 18. Qe4 (18. Be4 $142 Nf4 19. Qe3) 18... f5 19. Qe2 Nf4 20. Qd2 Qc7 21. Ne2 {[%emt 0:00:41] [#]} Nxg2 22. Kxg2 Qc6 23. Neg1 e4 ({Weaker is} 23... bxa4 24. Qe2 $17) 24. Rfe1 exf3+ 25. Kh1 Rae8 26. Re6 Bg5 {[%emt 0:03:49] Prevents Qh6.} 27. Qe1 (27. Rxg6+ $142 hxg6 28. Qxg5) 27... Bc8 28. Rdxd6 Qxd6 {[%emt 0:03:45][%mdl 64] Pin} (28... Rxe6 $2 {loses.} 29. Qxe6+ Bxe6 30. Rxc6 $19) 29. Rxe8 Bd7 30. Rxf8+ Kxf8 31. axb5 {[%emt 0:00:32] White is weak on the dark squares} axb5 {[%emt 0:00:07] aiming for ...Qf4.} 32. Bd1 Bc1 ({Not} 32... Bd2 $2 33. Qf1 $19) 33. Nxf3 Bxb2 34. Kg1 b4 35. cxb4 cxb4 36. Bb3 Bc3 37. Qe3 Qe7 {[%emt 0:03:05] Hoping for ...Qxe3.} 38. Qb6 Be8 39. Qa6 $2 (39. h4) 39... Bf7 40. Bxf7 Kxf7 {[%emt 0:00:06][%mdl 4096] Endgame KQB-KQN} 41. Qc4+ Kg7 42. Kg2 Qb7 43. Kg3 Qe4 44. Qc7+ Kh6 45. h3 {[%emt 0:00:05] Prevents Qg4+.} Bf6 46. Qd6 Qe7 47. Qb8 Kg7 48. Kg2 g5 {[%emt 0:00:47] Strongly threatening ...Qe4.} 49. Qb5 (49. Nd2 $142) 49... g4 $2 (49... Qe4 {Threatens to win with ...g4.} 50. Kg1 Qxf3 51. Qxb4 Qxh3 52. Qb7+ Kg6) 50. Ng1 $2 (50. hxg4 fxg4 51. Nd2) 50... Qe4+ 51. Kf1 h5 52. hxg4 hxg4 (52... fxg4 $142 53. Ne2 h4 54. Qd7+ Kg6) 53. Ne2 Qb1+ $2 (53... Be5 $19 {and Black stays clearly on top.} 54. Qd7+ Kf6 55. Qd8+ Ke6 56. Qc8+ Ke7 57. Qc5+ Bd6 58. Qa7+ Ke6) 54. Kg2 $17 Qe4+ $2 (54... b3 $1 $17 55. Qb7+ Kh6) 55. Kf1 $1 $19 Qb1+ $2 (55... Be5 {...Kg6 is the strong threat.} 56. Qd7+ Kf6 57. Qd8+ Ke6 58. Qc8+ Kf7 59. Qd7+ Kf6 60. Qd8+ Ke6 61. Qc8+ Ke7 62. Qc5+ Bd6 63. Qa7+ Ke6) 56. Kg2 Qe4+ $2 (56... b3 $1 57. Qb7+ Kh8) 57. Kf1 $1 Be5 58. Qd7+ Kg6 59. Qe8+ Kh6 $2 (59... Kf6 {And now ...f4 would win.} 60. Qd8+ Ke6 61. Qc8+ Ke7 62. Qc5+ Bd6 63. Qa7+ Ke6 64. Qa2+ Qd5) 60. Qe6+ $2 {[%emt 0:00:59] [#]} (60. Qf7) 60... Kg5 $1 61. Qg8+ Kf6 62. Qf8+ {[%emt 0:00:24] [#]} (62. Qe8 $142) 62... Ke6 $1 63. Qe8+ Kd6 64. Qd8+ Kc6 {[%emt 0:00:08] White must now prevent ...Qh1+.} 65. Qa8+ Kb6 66. Qd8+ Ka6 67. Qd1 {[%emt 0:00:38] Prevents b3} Ka5 {[%emt 0:00:40] ...f4 would be deadly.} 68. Qb3 f4 69. Qa2+ Kb5 70. Qa7 g3 (70... Qb1+ $142 71. Nc1 Qxc1+ 72. Ke2 f3+ 73. Kd3 Qc4+ 74. Kd2 Qe2+ 75. Kc1 Qe1+ 76. Kc2 b3+ {[%mdl 64] Decoy} 77. Kxb3 Qc3+ 78. Ka2 Qb2#) 71. fxg3 fxg3 72. Qd7+ Ka6 73. Qe6+ Ka5 74. Qa2+ Kb5 75. Qd2 Qf3+ 76. Ke1 Bc3 $2 ({Black should try} 76... Qh1+ $19 77. Ng1 Bc3 78. Kd1 Bxd2 79. Kxd2 Qxg1 80. Kd3 g2 81. Ke4 Qc5 82. Kd3 g1=Q 83. Kd2 Qh2+ 84. Ke1 Qcg1#) 77. Nd4+ $11 Bxd4 78. Qd3+ $1 {[%emt 0:00:04] An exciting game.   Weighted Error Value: White=0.56/Black=0.36} 1/2-1/2

[Event "Oceania Zonal Open 2023"]
[Site "Melbourne"]
[Date "2023.01.24"]
[Round "2.12"]
[White "Jager, Jesse"]
[Black "Narenthran, Tharmaratnam"]
[Result "1-0"]
[ECO "E01"]
[WhiteElo "2132"]
[BlackElo "1771"]
[Annotator "TA"]
[PlyCount "125"]
[EventDate "2023.01.09"]
[EventType "swiss"]
[EventCountry "AUS"]
[SourceTitle "playchess.com"]
[Source "ChessBase"]
[SourceQuality "1"]
[TimeControl "5400+30"]

1. d4 d5 2. c4 c6 3. Nf3 Nf6 4. Nc3 e6 5. g3 Nbd7 6. Bg2 Bd6 7. O-O O-O 8. Nd2 a6 {[%emt 0:04:20] E01: Catalan: Early deviations.} 9. e4 dxe4 10. Ndxe4 Nxe4 {[%emt 0:00:07] White is better.} 11. Nxe4 Be7 12. Bf4 Nf6 13. Nc3 {[%emt 0:00:08] White is more active.} Bd6 14. Be3 (14. Be5 $16) 14... e5 $14 {[%emt 0:03:49] [#]} 15. dxe5 $146 ({Predecessor:} 15. d5 c5 16. Na4 Qc7 17. b4 b6 18. Rb1 Bf5 19. Rc1 Rab8 20. b5 axb5 21. cxb5 {½-½ Ludvigsen,F (2085)-Djordjevic,G (2111) SRB Central-ch op-A 8th 2015 (8)}) 15... Bxe5 16. Qc2 Bg4 17. Na4 (17. h3 $5 Be6 18. Na4 $14) 17... Re8 18. Qb3 (18. h3 $14 Bh5 19. Rfe1) 18... Qc7 (18... b5 $5 19. Nb6 Rb8 $11) 19. Bb6 Qc8 20. Rfe1 Bh3 21. Rad1 (21. f4 {simplifies} Bd6 22. Rxe8+ Nxe8 23. Re1) 21... Bxg2 (21... Qf5 $11 {is more appropriate.}) 22. Kxg2 Qg4 23. h3 Qg6 24. Qd3 Qxd3 25. Rxd3 Rac8 26. b3 Bc7 27. Rxe8+ Nxe8 28. Bxc7 Rxc7 $16 {[%emt 0:02:13][%mdl 4096] Endgame KRN-KRN} 29. Rd8 Kf8 30. Rd2 (30. Nc5 $16) 30... Ke7 $11 31. Nc5 a5 32. Na4 Nf6 33. Re2+ Kd8 34. Re5 Rd7 35. Rxa5 Rd2 {[%emt 0:00:11] [#]} 36. Ra8+ $1 Kc7 37. Kf3 {[%emt 0:01:27] Prevents Ne4.} (37. Rf8 $16) 37... Nd7 $1 ({Resist} 37... Rxa2 38. Rf8 $16) 38. Re8 Rxa2 39. c5 Ra3 40. Re3 (40. Ke2 $5 ) 40... b6 41. cxb6+ Nxb6 42. Nc3 Kd7 43. Rd3+ Ke7 44. Nb1 Ra7 45. Nd2 Nd5 46. Nc4 f6 47. h4 h6 48. h5 Ra1 49. Nd2 ({White should try} 49. Rd4 $11) 49... Rh1 $1 $15 50. Kg4 Ke6 $1 51. Nc4 f5+ 52. Kf3 Rxh5 53. Rd1 {[%emt 0:00:20] [#] Repels Rh1} f4 $1 54. Re1+ Kd7 55. Ra1 (55. gxf4 $11 {keeps the balance.} Rh3+ 56. Ke4) 55... fxg3 $17 56. fxg3 Nc7 57. Rd1+ Kc8 58. Rd6 {[%emt 0:01:40] The position is equal.} Kb7 59. Rd7 Rg5 60. Nd6+ Kb6 61. Nc4+ Kb7 62. Nd6+ Kb6 63. Ke4 {[%emt 0:00:00][%mdl 32768] Weighted Error Value: White=0.13 (very precise) /Black=0.10 (very precise) . Sensor Board Error (Ke4/e5)?} (63. Nc4+ $11 Kb7) 1-0

[Event "Oceania Zonal Open 2023"]
[Site "Melbourne"]
[Date "2023.01.24"]
[Round "2.12"]
[White "Rozuwiecka, Anna"]
[Black "McGowan, Cameron"]
[Result "0-1"]
[ECO "A45"]
[WhiteElo "1798"]
[BlackElo "2175"]
[Annotator "TA"]
[PlyCount "62"]
[EventDate "2023.01.09"]
[EventType "swiss"]
[EventCountry "AUS"]
[SourceTitle "playchess.com"]
[Source "ChessBase"]
[SourceQuality "1"]
[TimeControl "5400+30"]

1. d4 Nf6 2. Bg5 Ne4 3. Bf4 c5 4. f3 Qa5+ 5. c3 Nf6 6. d5 Qb6 7. Bc1 e6 8. c4 exd5 9. cxd5 c4 {[%emt 0:00:01] A45: Trompowsky Attack.} 10. Nc3 {[%emt 0:04:01] White wants to play e4.} Bc5 {[%emt 0:02:03] [#] ...Bf2+ is the strong threat.} 11. Nh3 {[%emt 0:05:03] Prevents Bf2+.} d6 {[%emt 0:03:02] ...Bxh3 would be deadly. Black has an edge.} 12. Na4 Qa5+ 13. Bd2 Bb4 {[%emt 0:00:47] Strongly threatening ...Bxd2+.} 14. Nc3 Bxh3 $1 15. gxh3 {[%emt 0:00:21] [#]} Qc5 $146 ({Predecessor:} 15... Na6 16. Rg1 O-O 17. a3 Bc5 18. Ne4 Nxe4 19. fxe4 Qb6 20. e3 Bxe3 21. Rg2 Rfe8 22. Bc3 Bh6 23. Qg4 Qe3+ 24. Be2 Rxe4 25. Qh5 Nc5 26. Bd2 Nd3+ 27. Kd1 Qxd2# {0-1 Todorovic,B (2222)-Shahaliyev,I (2386) Titled Tuesday intern op 05th Apr Early blitz 2022 (1)}) 16. e4 Nbd7 17. Qa4 (17. Qe2 $15) 17... b5 $40 {[%emt 0:10:13][%mdl 128] Black wants a kill.} (17... O-O {simplifies} 18. Qc2 b5 19. a3 Bxc3 20. Bxc3 Rae8) 18. Nxb5 (18. Qc2 $17) 18... Qe3+ $19 19. Be2 Qxd2+ 20. Kf1 O-O 21. a3 Bc5 (21... Qxb2 22. axb4 Nxe4 23. fxe4 $19) 22. Qxc4 Qe3 23. Ke1 a6 24. Nc7 Rac8 25. Nxa6 {[%emt 0:01:42] White is weak on the dark squares} Ne5 26. Qc3 {[%emt 0:01:22] [#]} Bb4 $1 {[%emt 0:00:33][%mdl 512] Black mates.} 27. Nxb4 (27. Nc5 Nxf3+) 27... Rxc3 28. bxc3 Nxf3+ {[%emt 0:00:18] Excellent horsemanship.} 29. Kf1 Nxe4 30. Nd3 Ned2+ 31. Kg2 Nh4# {[%emt 0:00:01] Black took control after the opening. A superb game by McGowan.   Weighted Error Value: White=1.01/Black=0.00 (flawless)} 0-1

[Event "Oceania Zonal Open 2023"]
[Site "Melbourne"]
[Date "2023.01.24"]
[Round "3.1"]
[White "Kuybokarov, Temur"]
[Black "Soo, Kai Jie"]
[Result "1-0"]
[ECO "C18"]
[WhiteElo "2558"]
[BlackElo "2046"]
[Annotator "TA"]
[PlyCount "91"]
[EventDate "2023.01.09"]
[EventType "swiss"]
[EventCountry "AUS"]
[SourceTitle "playchess.com"]
[Source "ChessBase"]
[SourceQuality "1"]
[TimeControl "5400+30"]

1. e4 e6 2. d4 d5 3. Nc3 Bb4 4. e5 c5 5. a3 Bxc3+ 6. bxc3 Ne7 7. Qg4 O-O 8. Bd3 f5 9. exf6 Rxf6 10. Bg5 Rf7 11. Qh5 g6 12. Qd1 Nbc6 13. Nf3 Qa5 {[%emt 0:00:10] C18: French: 3 Nc3 Bb4: Main line: 7 h4 and 7 Qg4.} 14. Bd2 {[%emt 0:03:21] Inhibits e5.} c4 15. Be2 Nf5 {[%emt 0:00:09] White is slightly better.} 16. O-O Bd7 {[%emt 0:00:52] 16...Bd7 is better than 16...Nd6.} 17. Re1 Nd6 18. Ng5 {[%emt 0:03:58] Dodges Ne4} Rf6 19. Bg4 Re8 20. h4 h6 {[%emt 0:12:55] [#]} 21. Nf3 $146 {[%emt 0:02:47] aiming for Ne5.} ({Predecessor:} 21. h5 hxg5 22. Bxg5 Ref8 23. Bxf6 Rxf6 24. Re3 Ne4 25. Qe1 gxh5 26. Bxh5 Qc7 27. Qe2 {½-½ Brookes,C (2056)-Tan,M (2400) Vlissingen HZ op 15th 2011 (2)}) 21... Ne4 $2 {[%emt 0:00:35] Loses the game.} ({Black should try} 21... Nf7 $14) 22. Bxh6 $18 Nxc3 23. Qd2 Ne4 {[%emt 0:00:10] Prevents Qg5} 24. Qxa5 {[%emt 0:00:47][%mdl 64] [#] Deflection} Nxa5 {[%emt 0:00:05] A dynamic duo of knights.} 25. Ne5 {[%emt 0:00:22] Dodges Nc6} Ba4 26. f3 $36 {[%emt 0:00:27][%mdl 2048] White is in control.} Kh7 27. Be3 Nd6 28. c3 Nb3 29. Ra2 Nf7 (29... Nb5 $142) 30. Bg5 Nxg5 31. hxg5 Rff8 32. g3 {[%emt 0:00:12] [#] Threatens to win with Rh2+.} Re7 (32... Kg7 $142 33. Rh2 Rh8 34. Rxh8 Rxh8 35. Bxe6 Rd8) 33. Rh2+ Kg7 34. Kf2 {[%emt 0:01:58] Strongly threatening Reh1.} Rg8 35. Reh1 Kf8 36. Rh7 Rxh7 37. Rxh7 {[%emt 0:00:05] Black must now prevent Rf7+.} Rg7 {[%emt 0:00:06] Dodges Rf7+} 38. Rxg7 Kxg7 39. Bxe6 {[%emt 0:00:03][%mdl 4096] Endgame KBN-KBN} Bc6 40. f4 Nd2 41. Bf7 Ne4+ 42. Ke3 Nxc3 43. Bxg6 Na2 (43... Kf8 $142 44. Bc2 Nb5) 44. f5 {[%emt 0:00:12] Threatening mate with f6+.} Ba4 45. f6+ Kf8 46. Bh7 {[%emt 0:00:29] Weighted Error Value: White=0.05 (flawless) /Black=0.49} 1-0

[Event "Oceania Zonal Open 2023"]
[Site "Melbourne"]
[Date "2023.01.24"]
[Round "3.2"]
[White "Li, Jackie"]
[Black "Zhao, Zong-Yuan"]
[Result "0-1"]
[ECO "A63"]
[WhiteElo "2035"]
[BlackElo "2488"]
[Annotator "TA"]
[PlyCount "96"]
[EventDate "2023.01.09"]
[EventType "swiss"]
[EventCountry "AUS"]
[SourceTitle "playchess.com"]
[Source "ChessBase"]
[SourceQuality "1"]
[TimeControl "5400+30"]

1. d4 Nf6 2. c4 e6 3. g3 c5 4. d5 exd5 5. cxd5 d6 6. Nc3 g6 7. Bg2 Bg7 8. Nf3 O-O 9. O-O a6 10. a4 Nbd7 11. Bf4 Qe7 12. Re1 {[%emt 0:01:03] now scores much better than the old 12.h3. A63: Modern Benoni: Fianchetto Variation: 9...Nbd7.} Ng4 13. Qc1 Rb8 {[%emt 0:08:45] [#]} 14. Rb1 $146 {[%emt 0:08:12] The position is equal.} ({Predecessor:} 14. a5 b5 15. axb6 Rxb6 16. e4 Nde5 17. Nxe5 Nxe5 18. Qc2 g5 19. Bxe5 Bxe5 20. Ra2 {0-1 Vardakas,G (2135)-Brunello,S (2499) GRE-chT2 48th 2021 (5.6)}) 14... b6 15. h3 Nge5 16. Bh6 Bxh6 17. Qxh6 f5 18. Nxe5 (18. Ng5 $14) 18... Nxe5 $15 19. Qe3 Qf6 20. f4 $1 Nf7 21. Qd2 Bd7 22. e4 Rfe8 23. b3 b5 24. axb5 axb5 25. exf5 gxf5 26. Rxe8+ Rxe8 27. b4 c4 28. Ra1 h5 $1 29. h4 (29. Ra7 $14 Re7 30. Bf3) 29... Nh6 30. Bf3 Ng4 31. Bxg4 fxg4 32. Re1 (32. Ra7 $11 Bf5 33. Ra5 (33. Nxb5 Bd3 $11)) 32... Rxe1+ $17 {[%emt 0:05:22][%mdl 64] [#] Deflection. Black converts the advantage convincingly.} 33. Qxe1 {[%emt 0:00:05][%mdl 4096] Endgame KQB-KQN} Qd4+ 34. Kh2 Kf8 {[%emt 0:03:44] Black is more active.} 35. Ne4 $2 (35. Kh1 $17) 35... Qxd5 $19 {[%emt 0:01:36] ( -> ...Bc6)} 36. Nf6 Qe6 $2 {[%emt 0:01:29] [#]} (36... Qf5 $19 37. Nxd7+ Qxd7) 37. Nxd7+ (37. Qxe6 $11 Bxe6 38. Ne4) 37... Qxd7 $11 {[%emt 0:00:02] KQ-KQ} 38. f5 Qxf5 {[%emt 0:02:16] Black mates.} 39. Qf1 Qf3 40. Qa1 Qe2+ 41. Kh1 Qe5 42. Qa8+ Ke7 43. Qa7+ Ke6 44. Qf2 Qe4+ 45. Kh2 c3 46. Qf8 c2 47. Qf1 Qe3 48. Qf8 Qe2+ {[%emt 0:00:22] Weighted Error Value: White=0.58/Black=0.27 (precise)} 0-1

[Event "Oceania Zonal Open 2023"]
[Site "Melbourne"]
[Date "2023.01.24"]
[Round "3.3"]
[White "Sardana, Rishi"]
[Black "McNamara, Gary"]
[Result "1-0"]
[ECO "B07"]
[WhiteElo "2459"]
[BlackElo "2040"]
[Annotator "TA"]
[PlyCount "95"]
[EventDate "2023.01.09"]
[EventType "swiss"]
[EventCountry "AUS"]
[SourceTitle "playchess.com"]
[Source "ChessBase"]
[SourceQuality "1"]
[TimeControl "5400+30"]

1. e4 g6 2. d4 Bg7 3. Nf3 d6 4. c3 c6 5. Bd3 Nf6 6. O-O Nbd7 7. Re1 e5 8. Nbd2 {[%emt 0:00:45] has lost popularity (8.Bg5).} O-O 9. Nf1 {[%emt 0:03:02] B07: Pirc Defence: Miscellaneous Systems.} Qc7 10. Ng3 a6 11. a4 {[%emt 0:03:41] White is slightly better.} b6 12. h3 Bb7 13. Be3 Rfe8 14. Qd2 c5 {[%emt 0:05:13][%cal Bc6c5,Bc5c4][%mdl 32] [#]} 15. Bh6 $146 ({Predecessor:} 15. dxe5 dxe5 16. Bh6 c4 17. Bc2 Rad8 18. Bxg7 Kxg7 19. Qg5 Ng8 20. Rad1 h6 21. Qe3 {0-1 Tuominen,T-Sorsa,N (2250) FIN-ch U18 Finland 1998 (3)}) 15... c4 16. Bc2 Bh8 17. Rad1 b5 18. Bg5 (18. dxe5 {seems wilder.} dxe5 19. Nf5 Nc5 20. Qd6) 18... Rad8 19. b4 cxb3 $1 20. Bxb3 Nb6 21. a5 Nc4 22. Bxc4 bxc4 23. Qa2 Bg7 {[%emt 0:01:41] [#]} (23... exd4 $14 24. Rxd4 (24. Nxd4 Rc8 $15) 24... Rc8) 24. d5 $1 $16 Rd7 (24... Rb8 $16) 25. Rb1 $18 Nxd5 (25... Qc8 $16 26. Rb6 h6) 26. exd5 Bxd5 27. Nd2 (27. Rb6 $18 {has better winning chances.}) 27... h6 $16 28. Be3 f5 29. Ngf1 Bf7 30. Bb6 Qc6 31. Ne3 d5 32. Nc2 f4 33. Nb4 Qc8 34. Qa4 {[%emt 0:00:40][%cal Ob4a6] Threatens to win with Nxa6!} Rd6 35. Rbd1 {[%emt 0:00:38][%cal Od2e4] Hoping for Ne4!} Bf8 36. Nf3 Bg7 37. Rd2 (37. Nh2 $16) 37... g5 {[%emt 0:00:40] [#]} ({Better is} 37... e4 $1 $14 38. Nd4 f3) 38. Qd1 $1 g4 (38... Qb7 $16 {might work better.} 39. Kh2 (39. Bc5 Rdd8 $16) 39... e4) 39. Nxd5 Rxd5 {[%emt 0:01:05] Loses the game.} (39... gxf3 $16 40. Ne7+ {[%mdl 64] Discovered Attack} Rxe7 41. Rxd6 Qf5) 40. Rxd5 $18 gxf3 41. Rc5 Qb7 42. Rc7 ({Weaker is} 42. Qxf3 Qxf3 43. gxf3 Bh5 44. Rxc4 Re6 $18) (42. gxf3 Be6 43. Rc7 Qd5 $18) 42... Qa8 (42... Qd5 43. Qxf3 Qxf3 44. gxf3 Bd5) 43. Qd7 {[%emt 0:00:42] White is clearly winning.} Qd5 44. Rd1 Qe6 45. Rd6 Qxd7 46. Rdxd7 e4 47. Rxf7 Be5 48. Rfe7 {[%emt 0:00:23] Weighted Error Value: White=0.15 (very precise) /Black=0.31} 1-0

[Event "Oceania Zonal Open 2023"]
[Site "Melbourne"]
[Date "2023.01.24"]
[Round "3.4"]
[White "Testolin, Ryder"]
[Black "Lane, Gary W"]
[Result "0-1"]
[ECO "D20"]
[WhiteElo "2012"]
[BlackElo "2343"]
[Annotator "TA"]
[PlyCount "141"]
[EventDate "2023.01.09"]
[EventType "swiss"]
[EventCountry "AUS"]
[SourceTitle "playchess.com"]
[Source "ChessBase"]
[SourceQuality "1"]
[TimeControl "5400+30"]

1. d4 d5 2. c4 dxc4 3. e4 e5 4. Nf3 exd4 5. Bxc4 Nc6 6. O-O Bc5 {[%emt 0:00:27] D20: Queen's Gambit Accepted: 3 e3 and 3 e4.} 7. Ng5 Nh6 {[%emt 0:03:14] [#]} 8. Nxf7 $1 {[%emt 0:01:40][%mdl 64] Decoy} Nxf7 {[%emt 0:00:07] White is slightly better.} 9. Bxf7+ Kxf7 10. Qh5+ g6 11. Qxc5 Re8 12. Bg5 Qd6 13. Qxd6 cxd6 14. Nd2 Be6 {[%emt 0:05:26] [#]} 15. a3 $146 ({Predecessor:} 15. Rfd1 d5 16. Nb3 dxe4 17. Nxd4 Nxd4 18. Rxd4 Bf5 19. h3 h5 20. Rad1 Rac8 21. Ra4 {½-½ Ding,L (2799)-Mamedyarov,S (2765) Speed Chess Chess.com INT blitz 2021 (1.15)}) 15... Rac8 16. b4 {[%emt 0:11:25] White is weak on the light squares} Ne5 17. f4 (17. Rfd1 $11) 17... Ng4 (17... Nc4 $1 $15 18. Rf2 (18. f5 Bd7 $15) 18... d3) 18. h3 Ne3 19. Rf2 Rc2 20. Nf3 Rec8 21. Nxd4 Rc1+ 22. Rxc1 Rxc1+ 23. Kh2 Nf1+ 24. Kg1 Ng3+ 25. Kh2 Nxe4 26. Re2 Nxg5 27. fxg5 $11 {[%emt 0:00:02][%mdl 4096] Endgame KRB-KRN} Bd7 28. Rf2+ Ke7 29. Kg3 Rd1 30. Nc2 (30. Rf4 $11 {remains equal.}) 30... Bc6 31. Kf4 Rd3 32. h4 Ba4 {[%emt 0:02:27] Black is more active.} (32... Kd7 $17) 33. Ke4 Rc3 34. Ne3 Bc6+ 35. Kd4 Rxa3 36. b5 Ra4+ $19 {[%emt 0:00:54][%mdl 64] Skewer} (36... Bxb5 37. Nd5+ Kd8 38. Rf8+ Kd7 39. Rf7+ Ke6 40. Rf6+ (40. Re7+ Kf5 $11) 40... Kd7 41. Rf7+ Kc8 42. Rf8+ Kd7 43. Rf7+ $11) 37. Kc3 Be4 ({Better is} 37... Bxb5 $17 38. Nd5+ Kd7 39. Nf6+ Kc6) 38. Rf4 $15 Ke6 39. Rf6+ Ke7 40. Rf4 Ke6 {[%emt 0:01:05] Strongly threatening ...d5.} 41. Rf6+ Ke5 $1 42. Kb3 {[%emt 0:03:09] [#] Dodges Ra3+} ({White should play} 42. Nc4+ $15 Kd5 43. Nxd6 (43. Rxd6+ $2 {loses.} Kc5 $19)) 42... Rd4 (42... Ra1 $1 $17 {Threatens to win with ...d5.} 43. Nc4+ Kd4 44. Rxd6+ Bd5) 43. Nc4+ Kd5 44. Rxd6+ $2 {[%emt 0:00:33][%mdl 8192] Loses the game.} ({White must play} 44. Nxd6 $15 Bxg2 {[%mdl 64] Discovered Attack} 45. Nxb7) 44... Kc5 $19 45. Rxd4 Kxd4 {[%emt 0:00:01] KB-KN} 46. Nd6 Bxg2 47. Ne8 Ke5 48. Nf6 h5 {[%emt 0:00:10] aiming for ...Kf4.} 49. Kc4 Kf4 {[%emt 0:00:11] ...Kg3 would be deadly.} 50. Kd4 Kg3 $2 (50... a5 {...a4 is the strong threat.} 51. bxa6 bxa6) 51. Nxh5+ Kg4 $1 ({Not} 51... gxh5 52. g6 Bh3 53. Ke5 $11 (53. b6 axb6 54. Ke5 Bf1 $19)) 52. Ng7 (52. Nf6+ {only move.} Kxh4 53. Nh7) 52... Kxh4 53. Ne6 Bf1 54. Nd8 $2 (54. Kc5) 54... b6 55. Nc6 Bxb5 ({Weaker is} 55... Kxg5 56. Nxa7 Kf4 57. Nc8 $17) 56. Nxa7 Bd7 {[%emt 0:00:03] Black mates.} 57. Ke5 Kxg5 58. Kd6 Ba4 59. Ke5 Kg4 60. Nc8 b5 61. Nb6 g5 62. Ke4 Bc2+ 63. Ke3 Kg3 64. Nd5 g4 65. Ke2 Be4 66. Nc3 Bc6 67. Ke3 Kh2 68. Ne2 g3 69. Kd4 g2 70. Kc5 Bf3 71. Kd4 {[%emt 0:01:17] Weighted Error Value: White=0.56/Black=0.25 (precise)} 0-1